AoeStats
← Stonefoot28

Oasis

510227192Analyzed
2v2 RM · 14h ago on Sep 30, 2026· 69m 14s· 4 players
Game mode
Random Map
Map size
Medium (4 player)
Population
200
Speed
Normal
Resources
Standard
Victory
Conquest
Starting age
Dark Age
Ending age
Imperial Age
RankedLock teamsTeams togetherTeam positionsShared explorationLock speedFull tech treeHidden civsTurbo modeCheats
Victory
Defeat
🇺🇸 Romans · United States
1217
+16
🇺🇸 Danes · United States
1217
+16
🇺🇸 Byzantines · United States
1227
-16
🇺🇸 Burgundians · United States
1225
-16
fatruff3
5:00 Loom
11:53 Feudal Age
16:30 Castle Age
15:00 Double-Bit Axe
15:26 Horse Collar
18:14 Squires
18:23 Arson
20:22 Bow Saw
20:17 Gambesons
22:06 Wheelbarrow
25:10 Forging
28:22 Scale Mail Armor
28:27 Town Watch
29:28 Iron Casting
29:57 Hand Cart
30:02 Heavy Plow
30:19 Chain Mail Armor
31:16 Pikeman
31:23 Hamask
33:03 Gold Mining
36:01 Imperial Age
34:53 Fletching
35:03 Padded Archer Armor
35:55 Bodkin Arrow
37:04 Leather Archer Armor
36:50 Bracer
37:19 Conscription
37:03 Cranequins
37:46 Heavy Mounted Crossbowman
39:59 Ring Archer Armor
40:03 Thumb Ring
42:15 Coinage
42:49 Ballistics
43:30 Chemistry
43:26 Siege Engineers
48:22 Husbandry
48:33 Bloodlines
48:40 Caravan
49:09 Elite Skirmisher
50:37 Plate Mail Armor
51:03 Elite Varangian Guard
55:49 Blast Furnace
Bob_the_Alienator
8:36 Loom
10:41 Feudal Age
12:04 Man-at-Arms
12:56 Double-Bit Axe
13:44 Scale Mail Armor
14:13 Horse Collar
17:03 Gold Mining
21:12 Castle Age
20:55 Stone Mining
23:00 Wheelbarrow
22:40 Bow Saw
22:30 Town Watch
23:03 Squires
23:18 Heavy Plow
23:57 Long Swordsman
24:03 Pikeman
25:42 Chain Mail Armor
32:27 Imperial Age
32:41 Capped Ram
34:47 Hand Cart
35:41 Conscription
36:04 Halberdier
44:24 Fletching
44:55 Legionary
47:26 Bodkin Arrow
51:23 Ballistics
52:55 Chemistry
53:29 Comitatenses
53:48 Caravan
58:26 Forging
59:00 Ballistas
60:36 Heavy Scorpion
67:20 Fortified Wall
68:09 Siege Ram
Stonefoot28
7:47 Loom
10:17 Feudal Age
10:57 Double-Bit Axe
10:55 Horse Collar
17:54 Castle Age
19:03 Wheelbarrow
19:06 Bow Saw
19:00 Heavy Plow
20:45 Stone Mining
25:31 Hand Cart
26:39 Fletching
29:46 Scale Barding Armor
29:51 Forging
31:27 Chain Barding Armor
32:17 Iron Casting
34:28 Fortified Wall
40:03 Imperial Age
38:19 Treadmill Crane
38:52 Bodkin Arrow
41:22 Plate Barding Armor
40:51 Husbandry
40:57 Scale Mail Armor
42:26 Bracer
41:55 Elite Skirmisher
43:33 Chain Mail Armor
43:20 Squires
43:06 Arson
44:31 Conscription
45:28 Hoardings
45:31 Plate Mail Armor
44:24 Pikeman
44:39 Light Cavalry
46:09 Logistica
46:36 Thumb Ring
46:32 Padded Archer Armor
46:55 Caravan
47:32 Leather Archer Armor
46:40 Halberdier
47:00 Capped Ram
48:23 Guilds
50:02 Ring Archer Armor
49:56 Elite Varangian Guard
50:52 Gambesons
53:34 Two-Man Saw
53:38 Ballistics
52:53 Elite Cataphract
57:03 Stone Shaft Mining
56:18 Gold Mining
56:07 Man-at-Arms
57:37 Long Swordsman
58:39 Two-Handed Swordsman
60:02 Murder Holes
61:05 Champion
66:51 Crop Rotation
67:24 Chemistry
66:12 Arrowslits
66:17 Guard Tower
LethalHubris
7:35 Loom
10:33 Feudal Age
9:40 Double-Bit Axe
11:19 Loom
13:28 Horse Collar
16:19 Castle Age
18:28 Stone Mining
20:16 Town Watch
21:24 Bow Saw
21:06 Gold Mining
22:32 Wheelbarrow
31:45 Imperial Age
29:21 Heavy Plow
29:42 Scale Barding Armor
29:47 Forging
29:03 Cavalier
32:11 Chain Barding Armor
32:01 Forging
31:53 Husbandry
32:32 Town Patrol
32:37 Paladin
36:40 Iron Casting
36:06 Scale Mail Armor
36:41 Plate Barding Armor
39:24 Burgundian Vineyards
43:15 Iron Casting
43:33 Plate Barding Armor
43:11 Fletching
43:33 Caravan
45:11 Blast Furnace
44:04 Fletching
45:41 Light Cavalry
47:21 Gold Shaft Mining
47:40 Padded Archer Armor
48:06 Elite Skirmisher
49:02 Leather Archer Armor
48:42 Bodkin Arrow
49:54 Ballistics
51:19 Chemistry
50:30 Masonry
51:06 Bracer
51:45 Conscription
53:00 Hoardings
52:48 Hussar
Connection lost

Rejoining the realm…

Still unreachable

The connection could not be restored.

Session expired

The server has moved on; the page needs a fresh start.